 Dungeon Crawl Stone Soup version 0.18.1-48-g4cf74bf (webtiles) character file.

60 meme the Pannier (level 4, 0/25 HPs)
             Began as a Kobold Artificer on July 17, 2016.
             Was an Initiate of Nemelex Xobeh.
             Succumbed to an adder's poison
             ... on level 4 of the Dungeon on July 20, 2016.
             The game lasted 00:10:59 (1915 turns).

meme the Pannier (Kobold Artificer)                 Turns: 1915, Time: 00:11:00

Health: 0/25       AC:  6    Str: 10    XL:     4   Next: 25%
Magic:  7/7        EV: 12    Int: 10    God:    Nemelex Xobeh [......]
Gold:   76         SH:  0    Dex: 16    Spells: 0 memorised, 3 levels left

rFire  . . .     SeeInvis .     a - +0 short sword
rCold  . . .     Gourm    .     m - +0 scale mail
rNeg   . . .     Faith    .     (shield restricted)
rPois  .         Spirit   .     (no helmet)
rElec  .         Dismiss  .     (no cloak)
rCorr  .         Reflect  .     (no gloves)
SustAt .         Harm     .     (no boots)
MR     .....                    (no amulet)
Stlth  +.........               (no ring)
                                (no ring)

@: lethally poisoned (0 -> -12), about to teleport, not resistant to hostile
enchantments, very unstealthy
A: carnivore 3
a: Renounce Religion


You were on level 4 of the Dungeon.
You worshipped Nemelex Xobeh.
Nemelex Xobeh was noncommittal.
You were full.

You visited 1 branch of the dungeon, and saw 3 of its levels.

You collected 76 gold pieces.

Inventory:

Hand Weapons
 a - a +0 short sword (weapon)
Armour
 b - a +0 leather armour
 m - a +0 scale mail (worn)
Wands
 c - a wand of flame (15/48)
 d - a wand of enslavement (14/24)
 e - a wand of random effects (13/48)
Miscellaneous
 j - a plain deck of escape {drawn: 2}
Comestibles
 f - a meat ration
 h - a chunk of flesh
 l - a slice of pizza


   Skills:
 + Level 1.4 Fighting
 + Level 1.8 Short Blades
 + Level 0.4 Armour
 + Level 3.5 Dodging
 + Level 1.7 Stealth
 + Level 4.5 Evocations


You had 3 spell levels left.
You didn't know any spells.

Dungeon Overview and Level Annotations

Branches:
Dungeon (2/15)

Altars:
Nemelex Xobeh
Trog


Innate Abilities, Weirdness & Mutations

You are small and have problems with some larger weapons.
You are carnivorous and can eat meat at any time.


Message History

The adder poisons you! The adder bites you but does no damage.
You aren't carrying any potions.
Read which item? (? for menu, Esc to quit)
As you read the scroll labeled NOFIOB XASS, it crumbles to dust.
You feel blessed for a moment.
It was a scroll of remove curse.
* * * LOW HITPOINT WARNING * * *
You feel sick. The adder closely misses you.
You miss the adder.
The adder is heavily wounded.
* * * LOW HITPOINT WARNING * * *
You feel sick. The adder bites you but does no damage.
You fall through a shaft for 2 floors!
The shaft crumbles and collapses.
A quokka and a skeleton come into view.
Zapping:
e - a wand of random effects (14/48)
Press: ? - help, Shift-Dir - straight line, f - you Really target yourself?
You feel strangely unstable.
This wand has 13 charges left.
You die...
Your body disappears without a glow.

# #. #.. #.##
##...#
##.....##
#.......#
#......@#
............#
#......####.#
#.#.Zr#
#....# #....
##.. ##.


You could see a quokka and a giant frog skeleton.

Vanquished Creatures
  2 adders (D:2)
  A worm (D:2)
  A dart slug (D:1)
  A ball python (D:2)
  A giant cockroach (D:1)
  3 goblins
  5 hobgoblins
  6 jackals (D:1)
  6 kobolds
  2 bats
  5 giant newts
  4 rats
37 creatures vanquished.

Vanquished Creatures (others)
  A quokka (D:2)
1 creature vanquished.

Grand Total: 38 creatures vanquished

Notes
Turn   | Place    | Note
--------------------------------------------------------------
     0 | D:1      | meme the Kobold Artificer began the quest for the Orb.
     0 | D:1      | Reached XP level 1. HP: 12/12 MP: 3/3
   101 | D:1      | Reached skill level 4 in Evocations
   220 | D:1      | Reached XP level 2. HP: 14/16 MP: 5/5
   547 | D:1      | Reached XP level 3. HP: 20/20 MP: 6/6
   570 | D:1      | Found a sparkling altar of Nemelex Xobeh.
   574 | D:1      | Became a worshipper of Nemelex Xobeh the Trickster
   576 | D:1      | Received a gift from Nemelex Xobeh
   885 | D:1      | You fall through a shaft!
  1002 | D:2      | Found a bloodstained altar of Trog.
  1410 | D:2      | Reached XP level 4. HP: 6/25 MP: 7/7
  1913 | D:2      | HP: 1/25 [poisoned by an adder]
  1914 | D:2      | You fall through a shaft for 2 floors!
  1915 | D:4      | Succumbed to an adder's poison

Skill      XL: |  1  2  3 |
---------------+----------+-----
Evocations     | 4 |  4.5
Dodging        | 3 |  3.5
Fighting       | |  1.4
Short Blades   | |  1.8
Armour         | |  0.4
Stealth        | |  1.7

Action                   |  1- 3 |  4- 6 || total
-------------------------+-------+-------++-------
Melee: Short sword       |   130 |    29 ||   159
Evoke: Wand              |     2 |     1 ||     3
       Deck              |     1 |     1 ||     2
  Use: Potion            |     2 |       ||     2
       Scroll            |       |     1 ||     1
 Stab: Sleeping          |     2 |       ||     2
       Invisible         |     1 |       ||     1
  Eat: Chunk             |     9 |       ||     9
Armor: Leather armour    |    13 |       ||    13
       Scale mail        |    12 |    11 ||    23
       Skin              |     3 |       ||     3
Dodge: Dodged            |    80 |    11 ||    91
